 Dungeon Crawl Stone Soup version 0.23.2-33-g5129a83184 (webtiles) character file.

Game seed: 13948296113491767925

12222 Lauz the Basher (level 11, -1/68 HPs)
             Began as a Gargoyle Fighter on July 8, 2019.
             Was the Champion of Okawaru.
             Killed from afar by Frances (35 damage)
             ... with an iron shot
             ... on level 12 of the Dungeon.
             The game lasted 00:40:01 (13999 turns).

Lauz the Basher (Gargoyle Fighter)                 Turns: 13999, Time: 00:40:02

Health: -1/68      AC: 28    Str: 21    XL:     11   Next: 90%
Magic:  12/14      EV: 10    Int: 11    God:    Okawaru [******]
Gold:   534        SH: 12    Dex:  9    Spells: 10/10 levels left

rFire    . . .     SeeInvis .   I - +0 morningstar
rCold    + . .     Gourm    .   c - +0 shield
rNeg     + . .     Faith    .   w - +2 chain mail {rF+}
rPois    ∞         Spirit   .   t - +2 hat
rElec    +         Reflect  .   g - +0 cloak
rCorr    .         Harm     .   B - +0 pair of gloves
MR       .....                  (no boots)
Stlth    ..........             (no amulet)
HPRegen  0.21/turn              x - ring of ice
MPRegen  0.14/turn              (no ring)

@: heroism
A: negative energy resistance 1, electricity resistance, unbreathing,
petrification resistance, rot immunity, AC +8
a: Heroism, Finesse, Renounce Religion


You were on level 12 of the Dungeon.
You worshipped Okawaru.
Okawaru was exalted by your worship.
You were not hungry.

You visited 2 branches of the dungeon, and saw 13 of its levels.

You collected 534 gold pieces.

Inventory:

Hand Weapons
 a - a +0 flail
 E - the +8 rapier "Spiderslayer" {drain, rF+ Stlth+, unknown}
   (You found it on level 7 of the Dungeon)

   A truly terrible weapon, it drains the life of those it strikes.
   It protects you from fire.
   It makes you more stealthy.
 I - a +0 morningstar (weapon)
Armour
 b - a +0 scale mail
 c - a +0 shield (worn)
 g - a +0 cloak (worn)
 t - a +2 hat (worn)
 w - a +2 chain mail of fire resistance (worn)
 A - a +2 robe of the Archmagi
 B - a +0 pair of gloves (worn)
 M - a +0 helmet
Jewellery
 x - a ring of ice (left hand)
Wands
 u - a wand of iceblast (17)
 y - a wand of flame (6)
 D - a wand of polymorph (4)
 K - a wand of digging (4)
 L - a wand of paralysis (8)
Scrolls
 i - 3 scrolls of enchant weapon {unknown}
 m - 9 scrolls of identify
 o - a scroll of magic mapping {unknown}
 p - 6 scrolls of teleportation
 q - a scroll of immolation {unknown}
 r - 6 scrolls of remove curse
 C - a scroll of fear {unknown}
 F - a scroll of enchant armour
 G - a scroll of amnesia {unknown}
 J - a scroll of vulnerability {unknown}
Potions
 d - 5 potions of might
 e - 6 potions of curing {unknown}
 h - 2 potions of ambrosia {unknown}
 j - 4 potions of heal wounds {unknown}
 k - 2 potions of brilliance {unknown}
 l - 7 potions of agility
 n - 6 potions of flight {unknown}
 s - 3 potions of berserk rage {unknown}
 v - a potion of invisibility
 z - 2 potions of mutation {unknown}
 H - a potion of resistance {unknown}
Comestibles
 f - 27 rations
 N - a chunk of flesh


   Skills:
 + Level 7.8(12.8) Fighting
 * Level 13.6(18.6) Maces & Flails
 + Level 8.5(13.5) Armour
 - Level 1.5(6.5) Dodging
 - Level 7.7(12.7) Shields
 * Level 4.0 Invocations
 - Level 0.1 Evocations


You had 10 spell levels left.
You didn't know any spells.
Your spell library contained the following spells:

 Spells                   Type           Power        Failure   Level  Hunger
 Beastly Appendage        Tmut           #.....       95%         1    ##.....
 Sticks to Snakes         Tmut           #.......     98%         2    ###....
 Spider Form              Tmut/Pois      #.........   100%        3    ####...
 Ice Form                 Ice/Tmut       #.......     100%        4    #####..
 Blade Hands              Tmut           #.........   100%        5    ######.


Dungeon Overview and Level Annotations

Branches:
Dungeon (12/15)            Temple (1/1) D:4             Orc (0/2) D:10
   Lair: D:8-11

Altars:
Ashenzari
Cheibriados
Dithmenos
Elyvilon
Fedhas
Gozag
Hepliaklqana
Kikubaaqudgha
Makhleb
Nemelex Xobeh
Okawaru
Qazlal
Ru
Sif Muna
Trog
Uskayaw
Vehumet
Wu Jian
Xom
Yredelemnul
Zin
The Shining One

Shops:
D:11 *   D:12 %

Annotations:
D:12 Frances


Innate Abilities, Weirdness & Mutations

You are resistant to torment.
Your stone body is resilient. (AC +8)
You are immune to poison.
You resist negative energy. (rN+)
You are resistant to electric shocks. (rElec)
You can survive without breathing.
You are immune to petrification.
You are immune to rotting.


Message History

Frances mutters in a terrible tongue.
You block the ice devil's attack.
You puncture Frances!
Frances is severely wounded.
Frances hits you but does no damage.
You hit Frances.
Frances is severely wounded.
Frances chants phrases taken from a devil's mouth.
The shard of ice hits you! You partially resist.
The ice devil hits you but does no damage.
You block Frances's attack.
You closely miss Frances.
Frances is severely wounded.
You block the ice devil's attack. You block Frances's attack.
You hit Frances.
Frances is almost dead.
Frances mutters in a terrible tongue.
The iron shot hits you!!
Ouch! That really hurt!
You die...

....... .......
.....# #...# #...#
#######...########$
............43.....
...........@@4....?
######.##########.
#.# #########.#
..........######
.................
..........#######
########..#
.........######


You could see Frances, an ice devil, a rust devil and a smoke demon.

Vanquished Creatures
  Fannar (D:12)
  2 two-headed ogres (D:10)
  2 unseen horrors (D:12)
  2 cyclopes
  A queen bee (D:10)
  Grinder (D:6)
  A troll (D:9)
  A hippogriff (D:10)
  7 yaks (D:9)
  3 hogs (D:9)
  A human (D:9)
  Menkaure (D:6)
  A warg (D:10)
  A water moccasin (D:9)
  Duvessa (D:5)
  3 ice beasts
  A swamp drake (D:8)
  4 orc warriors
  2 black bears (D:7)
  2 phantoms
  2 centaurs (D:7)
  An ogre (D:10)
  A crocodile (D:12)
  A big kobold (D:12)
  Blork the orc (D:6)
  6 bullfrogs
  Dowan (D:5)
  A wyvern skeleton (D:8)
  6 scorpions
  29 killer bees
  8 wights
  An electric eel (D:10)
  A howler monkey (D:5)
  4 crimson imps
  2 centaur zombies
  5 hounds
  A bullfrog skeleton (D:5)
  2 jellies
  7 orc priests
  7 orc wizards
  2 iguanas
  Terence (D:3)
  5 worker ants
  2 hound zombies (D:6)
  2 worker ant zombies
  12 adders
  4 gnolls
  2 shadow imps (D:10)
  An ooze (D:3)
  5 worms
  4 dart slugs
  5 leopard geckos
  39 orcs
  2 ball pythons
  4 giant cockroaches
  6 goblins
  11 hobgoblins
  16 jackals
  8 kobolds
  7 quokkas
  11 bats
  7 frilled lizards
  A jackal zombie (D:6)
  A quokka zombie (D:3)
  8 rats
291 creatures vanquished.

Vanquished Creatures (others)
  A kobold (D:12)
  4 bushes (D:11)
  2 fungi (D:11)
  15 plants (D:11)
22 creatures vanquished.

Grand Total: 313 creatures vanquished

Notes
Turn   | Place    | Note
-------+----------+-------------------------------------------
     0 | D:1      | Lauz the Gargoyle Fighter began the quest for the Orb.
     0 | D:1      | Reached XP level 1. HP: 14/14 MP: 1/1
   307 | D:1      | Reached XP level 2. HP: 14/19 MP: 2/2
   487 | D:1      | Reached XP level 3. HP: 20/23 MP: 3/3
   816 | D:2      | Reached skill level 3 in Maces & Flails
   974 | D:2      | Reached XP level 4. HP: 26/28 MP: 4/4
  1695 | D:3      | Reached skill level 4 in Maces & Flails
  1947 | D:3      | Reached XP level 5. HP: 31/32 MP: 5/5
  2145 | D:3      | Noticed Terence
  2169 | D:3      | Killed Terence
  2398 | D:3      | Reached XP level 6. HP: 35/37 MP: 6/6
  2497 | D:3      | Reached skill level 5 in Maces & Flails
  2783 | D:4      | Reached skill level 1 in Dodging
  2854 | D:4      | Found a staircase to the Ecumenical Temple.
  2887 | Temple   | Entered the Ecumenical Temple
  2906 | Temple   | Became a worshipper of Warmaster Okawaru
  3143 | D:4      | Noticed a phantom
  3198 | D:4      | Killed a phantom
  3222 | D:4      | Found a deep blue altar of Sif Muna.
  3326 | D:5      | Entered Level 5 of the Dungeon
  3360 | D:5      | Reached skill level 6 in Maces & Flails
  3360 | D:5      | Reached XP level 7. HP: 35/42 MP: 7/7
  3442 | D:5      | Found a burning altar of Makhleb.
  3442 | D:5      | Found a snail-covered altar of Cheibriados.
  3531 | D:5      | Reached * piety under Okawaru
  3903 | D:5      | Noticed Duvessa
  3905 | D:5      | Noticed Dowan
  4079 | D:5      | Killed Duvessa
  4079 | D:5      | Reached skill level 7 in Maces & Flails
  4099 | D:5      | Killed Dowan
  4099 | D:5      | Reached XP level 8. HP: 16/48 MP: 8/8
  4685 | D:6      | Noticed Blork the orc
  4695 | D:6      | Killed Blork the orc
  4723 | D:6      | HP: 2/48 [orc priest/divine providence (11)]
  5023 | D:6      | Noticed Grinder
  5023 | D:6      | Paralysed by Grinder for 6 turns
  5053 | D:6      | Killed Grinder
  5053 | D:6      | Reached skill level 8 in Maces & Flails
  5053 | D:6      | Reached skill level 5 in Shields
  5384 | D:6      | Reached skill level 5 in Armour
  5623 | D:6      | Noticed Menkaure
  5643 | D:6      | Killed Menkaure
  5643 | D:6      | Reached ** piety under Okawaru
  6013 | D:5      | Reached XP level 9. HP: 35/53 MP: 9/9
  6146 | D:5      | Reached skill level 9 in Maces & Flails
  6472 | D:6      | Reached skill level 5 in Fighting
  7466 | D:7      | Reached *** piety under Okawaru
  7541 | D:7      | Reached skill level 10 in Maces & Flails
  7737 | D:7      | Found a deep blue altar of Sif Muna.
  7853 | D:7      | Got a jewelled rapier
  8182 | D:7      | Found a shimmering altar of Xom.
  8309 | D:8      | Found a glowing silver altar of Zin.
  8324 | D:8      | Noticed Maurice
  8325 | D:8      | Noticed Maurice
  8325 | D:8      | Maurice changed into Maurice the swamp drake
  8340 | D:8      | Killed Maurice the swamp drake
  8381 | D:8      | Reached XP level 10. HP: 60/60 MP: 10/10
  8848 | D:9      | Reached **** piety under Okawaru
  8869 | D:9      | Reached skill level 11 in Maces & Flails
 10509 | D:9      | Reached ***** piety under Okawaru
 10509 | D:9      | Reached skill level 12 in Maces & Flails
 10589 | D:10     | Entered Level 10 of the Dungeon
 10622 | D:10     | Noticed a two-headed ogre
 10631 | D:10     | Killed a two-headed ogre
 10631 | D:10     | Reached skill level 1 in Invocations
 10631 | D:10     | Reached XP level 11. HP: 51/66 MP: 8/12
 10714 | D:10     | Noticed a two-headed ogre
 10721 | D:10     | Killed a two-headed ogre
 11559 | D:10     | Noticed a cyclops
 11575 | D:10     | Killed a cyclops
 11930 | D:10     | Found a staircase to the Orcish Mines.
 11950 | D:10     | Reached skill level 13 in Maces & Flails
 12651 | D:11     | Found Qaapegapes's General Store.
 12651 | D:11     | Noticed a cyclops
 12671 | D:11     | Killed a cyclops
 13256 | D:12     | Killed an unseen horror
 13256 | D:12     | Reached ****** piety under Okawaru
 13503 | D:12     | Killed an unseen horror
 13612 | D:12     | Noticed Fannar
 13665 | D:12     | Killed Fannar
 13973 | D:12     | Found Yruciff's Food Emporium.
 13977 | D:12     | Noticed Frances
 13999 | D:12     | Killed from afar by Frances

Skill      XL: |  1  2  3  4  5  6  7  8  9 10 11 |
---------------+----------------------------------+-----
Maces & Flails | 3 4 6 7 8 10 12 13 | 13.6
Shields        | 4 5 6 7 |  7.7
Dodging        | 1 |  1.5
Armour         | 4 5 6 7 8 |  8.5
Fighting       | 4 5 6 7 |  7.8
Invocations    | 1 4 |  4.0
Evocations     | |  0.1

Action                   |  1- 3 |  4- 6 |  7- 9 | 10-12 || total
-------------------------+-------+-------+-------+-------++-------
Melee: Flail             |   147 |   335 |   551 |   664 ||  1697
       Unarmed           |       |       |     5 |       ||     5
       Morningstar       |       |       |       |   263 ||   263
Invok: Heroism           |       |       |       |     5 ||     5
       Finesse           |       |       |       |     1 ||     1
Evoke: Wand              |       |       |     6 |     5 ||    11
  Use: Scroll            |       |     5 |       |     2 ||     7
  Eat: Chunk             |     1 |     7 |    14 |    10 ||    32
       Ration            |       |       |     1 |     3 ||     4
Armor: Scale mail        |    87 |   205 |    54 |       ||   346
       Chain mail        |       |       |   275 |   537 ||   812
       Skin              |       |       |     2 |       ||     2
Dodge: Dodged            |    51 |   122 |   138 |   210 ||   521
Block: Shield            |    80 |   170 |   292 |   403 ||   945
